 Dungeon Crawl Stone Soup version 0.27.1-1-g398f81649c (webtiles) character file.

Game seed: 2638877425307492875

235 Crownlay the Gusty (level 6, -2/44 HPs)
             Began as a Gnoll Air Elementalist on Sept 18, 2021.
             Slain by a centaur (5 damage)
             ... on level 4 of the Dungeon.
             The game lasted 00:09:52 (3614 turns).

Crownlay the Gusty (Gnoll Air Elementalist)         Turns: 3614, Time: 00:09:52

Health: -2/44      AC:  3    Str:  7    XL:     6   Next: 6%
Magic:  9/13       EV: 13    Int: 16    God:
Gold:   28         SH:  0    Dex: 13    Spells: 5/15 levels left

rFire    . . .     SeeInvis .   c - +0 long sword
rCold    . . .     Faith    .   (no shield)
rNeg     . . .     Spirit   .   a - +0 robe
rPois    .         Reflect  .   (no helmet)
rElec    .         Harm     .   (no cloak)
rCorr    .         Rampage  .   (no gloves)
Will     .....                  m - +0 pair of boots
Stlth    +++.......             g - amulet of magic regeneration
HPRegen  0.14/turn              (no ring)
MPRegen  0.38/turn              (no ring)

@: no status effects
A: fangs 1, strong nose, distributed training
a: no special abilities


You were on level 4 of the Dungeon.
You visited 1 branch of the dungeon, and saw 4 of its levels.

You collected 112 gold pieces.
You spent 84 gold pieces at shops.

Inventory:

Hand Weapons
 c - a +0 long sword (weapon)
Missiles
 n - a throwing net
Armour
 a - a +0 robe (worn)
 m - a +0 pair of boots (worn)
Jewellery
 g - an amulet of magic regeneration (around neck)
Scrolls
 e - a scroll of summoning {unknown}
 h - a scroll of teleportation {unknown}
 j - a scroll of vulnerability {unknown}
 k - 2 scrolls of identify {unknown}
 l - a scroll of holy word {unknown}
 o - a scroll of enchant weapon {unknown}
 p - a scroll of fear {unknown}
Potions
 b - 2 potions of heal wounds
 d - 2 potions of mutation {unknown}
 f - 3 potions of degeneration {unknown}
 i - 3 potions of curing {unknown}


   Skills:
 + Level 1.8 Fighting
 + Level 1.8 Short Blades
 + Level 1.8 Long Blades
 + Level 1.8 Axes
 + Level 1.8 Maces & Flails
 + Level 1.8 Polearms
 + Level 1.8 Staves
 + Level 1.8 Slings
 + Level 1.8 Bows
 + Level 1.8 Crossbows
 + Level 1.8 Throwing
 + Level 1.8 Armour
 + Level 4.9 Dodging
 + Level 4.5 Stealth
 + Level 1.8 Shields
 + Level 1.8 Unarmed Combat
 + Level 5.3 Spellcasting
 + Level 2.5 Conjurations
 + Level 1.4 Hexes
 + Level 1.4 Summonings
 + Level 1.4 Necromancy
 + Level 1.4 Translocations
 + Level 1.4 Transmutations
 + Level 1.4 Fire Magic
 + Level 1.4 Ice Magic
 + Level 5.6 Air Magic
 + Level 1.4 Earth Magic
 + Level 1.4 Poison Magic
 + Level 2.0 Invocations
 + Level 1.8 Evocations


You had 5 spell levels left.
You knew the following spells:

 Your Spells              Type           Power      Damage    Failure   Level
a - Shock                 Conj/Air       68%        1d7       2%          1
b - Static Discharge      Conj/Air       17%        N/A       4%          2
c - Airstrike             Air            11%        N/A       14%         4
d - Swiftness             Air            22%        N/A       4%          3

Your spell library contained the following spells:

 Spells                   Type           Power      Damage    Failure   Level
 Conjure Flame            Conj/Fire      10%        6-21      21%         3
 Ignite Poison            Fire/Tmut/Pois 8%         N/A       26%         3
 Sticky Flame             Conj/Fire      10%        2d3       54%         4


Dungeon Overview and Level Annotations

Branches:
Dungeon (4/15)
 Temple: D:4-7

Altars:
Ru

Shops:
D:1 *   D:3 ::!


Innate Abilities, Weirdness & Mutations

You have very sharp teeth.
Your uncanny sense of smell can sniff out nearby items.
Your experience applies equally to all skills.


Message History

The centaur wields a +0 shortbow.
The centaur shoots an arrow.
The arrow misses you.
The zap hits the centaur.
The centaur is lightly wounded.
The centaur shoots an arrow.
The arrow barely misses you.
The centaur shoots an arrow.
The arrow hits you.
The zap hits the centaur.
The centaur is lightly wounded.
The centaur shoots an arrow.
The arrow barely misses you.
The zap hits the centaur.
The centaur is moderately wounded.
The centaur shoots an arrow.
The arrow misses you.
The zap hits the centaur.
The centaur is moderately wounded.
The centaur shoots an arrow.
The arrow completely misses you.
The zap hits the centaur.
The centaur is heavily wounded.
The centaur shoots an arrow.
The arrow hits you.
The centaur shoots an arrow.
The arrow barely misses you.
The centaur shoots an arrow.
The arrow hits you!
The centaur shoots an arrow.
The arrow hits you!
* * * LOW HITPOINT WARNING * * *
The centaur shoots an arrow.
The arrow hits you.
* * * LOW HITPOINT WARNING * * *
Unknown command.
The centaur unwields a +0 shortbow.
The centaur closely misses you. The centaur barely misses you.
The centaur hits you.
* * * LOW HITPOINT WARNING * * *
The centaur closely misses you.
Casting: Shock (safe; 2% risk of failure)
Confirm with . or Enter, or press ? or * to list all spells.
Okay, then.
Casting: Shock (safe; 2% risk of failure)
Confirm with . or Enter, or press ? or * to list all spells.
The centaur is struck by an arc of lightning!
The centaur is almost dead.
You are struck by an arc of lightning.
* * * LOW HITPOINT WARNING * * *
The lightning grounds out.
The centaur hits you.
You die...

#.# #.# #.# #.#
#.#######.#
#.......#.# ###
#.....<.#.# ..#
#.......#.# #.#
#.......#.# #.#
#.......#.####.###.#
#.......#.....@c...#
#..........###.#####
#.#...####.# #...∆ ∆
#.##.## #.# #####
#.# #.# ... #.#


You could see a centaur.

Vanquished Creatures
  An orc priest (D:3)
  An orc wizard (D:3)
  9 adders
  A worm (D:3)
  A dart slug (D:1)
  6 orcs
  6 bats
  9 endoplasms
  3 giant cockroaches (D:1)
  7 goblins
  6 hobgoblins
  9 jackals
  4 quokkas
  10 ball pythons
  4 frilled lizards
  4 kobolds
  6 rats
87 creatures vanquished.

Notes
Turn   | Place    | Note
-------+----------+-------------------------------------------
     0 | D:1      | Crownlay the Gnoll Air Elementalist began the quest for the
                  | Orb.
     0 | D:1      | Reached XP level 1. HP: 13/13 MP: 6/6
   132 | D:1      | Reached XP level 2. HP: 19/19 MP: 4/7
   395 | D:1      | Found Lioqebb's Assorted Antiques.
   400 | D:1      | Bought a scroll labelled SOETZE IPLARCH for 29 gold pieces
   696 | D:1      | Reached XP level 3. HP: 25/25 MP: 6/9
   806 | D:1      | Reached skill level 5 in Spellcasting
  1477 | D:2      | Reached skill level 1 in Invocations
  1507 | D:2      | Reached skill level 1 in Fighting
  1507 | D:2      | Reached skill level 1 in Short Blades
  1507 | D:2      | Reached skill level 1 in Long Blades
  1507 | D:2      | Reached skill level 1 in Axes
  1507 | D:2      | Reached skill level 1 in Maces & Flails
  1507 | D:2      | Reached skill level 1 in Polearms
  1507 | D:2      | Reached skill level 1 in Staves
  1507 | D:2      | Reached skill level 1 in Slings
  1507 | D:2      | Reached skill level 1 in Bows
  1507 | D:2      | Reached skill level 1 in Crossbows
  1507 | D:2      | Reached skill level 1 in Throwing
  1507 | D:2      | Reached skill level 1 in Armour
  1507 | D:2      | Reached skill level 1 in Shields
  1507 | D:2      | Reached skill level 1 in Unarmed Combat
  1507 | D:2      | Reached skill level 1 in Evocations
  1512 | D:2      | Reached XP level 4. HP: 32/32 MP: 9/11
  1726 | D:2      | Reached skill level 1 in Hexes
  1726 | D:2      | Reached skill level 1 in Summonings
  1726 | D:2      | Reached skill level 1 in Necromancy
  1726 | D:2      | Reached skill level 1 in Translocations
  1726 | D:2      | Reached skill level 1 in Transmutations
  1726 | D:2      | Reached skill level 1 in Fire Magic
  1726 | D:2      | Reached skill level 1 in Ice Magic
  1726 | D:2      | Reached skill level 1 in Earth Magic
  1726 | D:2      | Reached skill level 1 in Poison Magic
  1755 | D:2      | Learned a level 2 spell: Static Discharge
  1760 | D:2      | Learned a level 4 spell: Airstrike
  1927 | D:2      | Reached XP level 5. HP: 24/37 MP: 9/12
  2555 | D:3      | Learned a level 3 spell: Swiftness
  2700 | D:3      | Found Bussaeh's Book Emporium.
  2731 | D:3      | Found Jaessef's Book Boutique.
  3263 | D:3      | Reached XP level 6. HP: 29/44 MP: 2/13
  3395 | D:3      | Found a sacrificial altar of Ru.
  3504 | D:3      | Found Tefeceo's Distillery.
  3513 | D:3      | Bought a potion of heal wounds for 55 gold pieces
  3614 | D:4      | HP: 2/44 [/static electricity (2)]
  3614 | D:4      | Slain by a centaur

Illustrated notes

Levels and vault maps discovered:
D:1:      evilmike_arrival_hilbert_curve, layout_loops_corners, serial_shops,
          shop
D:2:      layout_basic, nrook_loot_triangle, grunt_ministairs_12,
          minmay_misc_feat_encased, minmay_snake_closets
D:3:      layout_loops_ring, nicolae_overflow_crystal_walls, serial_shops,
          nicolae_shop_trees, shop, shop
D:4:      layout_loops_ring, minmay_temple_entry_drinking_statues,
          minmay_curled_crystal, uniq_edmund, uniq_menkaure

Skill      XL: |  1  2  3  4  5 |
---------------+----------------+-----
Conjurations   | 2 |  2.5
Spellcasting   | 5 |  5.3
Invocations    | 1 2 |  2.0
Fighting       | 1 |  1.8
Short Blades   | 1 |  1.8
Long Blades    | 1 |  1.8
Axes           | 1 |  1.8
Maces & Flails | 1 |  1.8
Polearms       | 1 |  1.8
Staves         | 1 |  1.8
Slings         | 1 |  1.8
Bows           | 1 |  1.8
Crossbows      | 1 |  1.8
Throwing       | 1 |  1.8
Armour         | 1 |  1.8
Shields        | 1 |  1.8
Unarmed Combat | 1 |  1.8
Evocations     | 1 |  1.8
Hexes          | 1 |  1.4
Summonings     | 1 |  1.4
Necromancy     | 1 |  1.4
Translocations | 1 |  1.4
Transmutations | 1 |  1.4
Fire Magic     | 1 |  1.4
Ice Magic      | 1 |  1.4
Earth Magic    | 1 |  1.4
Poison Magic   | 1 |  1.4
Dodging        | |  4.9
Stealth        | |  4.5
Air Magic      | |  5.6

Action                   |  1- 3 |  4- 6 || total
-------------------------+-------+-------++-------
Melee: Long sword        |    19 |     5 ||    24
       Bite              |     1 |     2 ||     3
 Cast: Shock             |    51 |   118 ||   169
       Static Discharge  |       |     7 ||     7
       Swiftness         |       |     1 ||     1
 Stab: Sleeping          |     1 |       ||     1
Armor: Robe              |     1 |     8 ||     9
Dodge: Dodged            |    17 |    39 ||    56
       Rpst.: Long sword |     4 |    10 ||    14
